Devils vs Senators

Created - 19 octobre 2017 at 15:55

Goals
1 2 3 T
Devils 1 0 1 2
Senators 2 0 1 3
Shots
1 2 3 T
Devils 14 4 13 31
Senators 9 8 12 29

1st period

1. Devils , Ryan Kesler 2 (Artemi Panarin 2, Michal Rozsival 5) at 9:56
2. Senators , Guillaume Desbiens 1 (Valtteri Filppula 2, Dmitry Kulikov 3) at 11:28
3. Senators , Ilja Zubov 2 (Troy Brouwer 1, Ron Hainsey 2) at 17:21

Penalties :
Ryan O'Byrne (NJD) for Slashing (Minor) at 0:38

2nd period

No Goal

Penalties :
Micki Dupont (NJD) for Hooking (Minor) at 7:07, Dustin Penner (NJD) for Hooking (Minor) at 16:26

3rd period

4. Devils , Antoine Vermette 3 (Peter Holland 5, Yann Sauve 4) at 0:30
5. Senators , Ron Hainsey 2 (Travis Hamonic 3) at 16:31 (PP)

Penalties :
Adam Berti (NJD) for Hooking (Minor) at 2:25, Guillaume Desbiens (OTT) for Hooking (Minor) at 4:30, Ilja Zubov (OTT) for Slashing (Minor) at 9:53, Nikita Zaytsev (OTT) for High sticking (Minor) at 13:19, Travis Hamonic (OTT) for Slashing (Minor) at 13:34, Rostislav Klesla (NJD) for High sticking (Minor) at 16:01

Goalie Stats

Antti Niemi (NJD), 26 saves from 29 shots - (0,897), L, 3-3-1, 59:42 minutes
Jacob Markstrom (OTT), 29 saves from 31 shots - (0,935), W, 1-0-0, 60:00 minutes

Players Stats for Devils

Player Name              G  A  P  +/- PIM S  H  SB GA TA FO     MP     PP MP  PK MP  
------------------------------------------------------------------------------------
Adam Berti               0  0  0  -1  2   2  2  0  0  0  0/1    17:23   3:19   2:53 
Antoine Vermette         1  0  1   0  0   3  0  0  0  0  6/20   13:54   0:00   4:11 
Artem Anisimov           0  0  0   0  0   1  0  0  0  0  4/10   11:27   0:00   0:00 
Artemi Panarin           0  1  1   1  0   2  1  0  0  0  0/0    16:10   2:53   0:00 
Auston Matthews          0  0  0  -1  0   2  0  0  0  0  17/27  14:14   3:19   0:00 
Brandon Sutter           0  0  0   0  0   2  0  1  0  0  0/0    12:38   0:00   1:11 
Daniel Paille            0  0  0   0  0   0  0  1  0  0  0/1    14:02   0:00   4:19 
Dustin Penner            0  0  0   1  2   5  2  0  0  0  0/0    16:57   2:53   1:28 
Michal Rozsival          0  1  1   1  0   2  0  0  0  0  0/0    23:16   3:06   4:23 
Micki Dupont             0  0  0  -1  2   0  5  1  0  0  0/0    19:23   0:00   3:07 
Nikolai Lemtyugov        0  0  0  -1  0   5  0  0  0  0  1/1    14:54   3:19   0:00 
Peter Holland            0  1  1   0  0   0  1  0  0  0  0/0     9:43   0:00   0:00 
Phillip Danault          0  0  0   0  0   0  0  0  0  0  0/0    11:27   0:00   0:00 
Rostislav Klesla         0  0  0   1  2   0  3  1  0  0  0/0    20:35   0:00   3:23 
Ryan Kesler              1  0  1   1  0   6  2  0  0  0  12/23  19:14   2:53   3:04 
Ryan O'Byrne             0  0  0   0  2   0  3  1  0  0  0/0    19:04   3:06   2:58 
Sami Vatanen             0  0  0  -1  0   1  0  0  0  0  0/0    19:30   3:06   2:17 
Yann Sauve               0  1  1   0  0   0  0  2  0  0  0/0    17:38   3:06   0:30 

Players Stats for Senators

Player Name              G  A  P  +/- PIM S  H  SB GA TA FO     MP     PP MP  PK MP  
------------------------------------------------------------------------------------
Andrew Cogliano          0  0  0   0  0   2  0  0  0  0  4/4    19:26   3:59   0:00 
Blake Wheeler            0  0  0   0  0   6  0  0  0  0  1/1    19:26   3:59   0:00 
David Krejci             0  0  0   0  0   5  0  0  0  0  15/21  20:54   3:59   0:35 
Dennis Seidenberg        0  0  0  -1  0   2  0  1  0  0  0/0    17:38   3:13   0:50 
Dmitry Kulikov           0  1  1   0  0   0  0  1  0  0  0/0    14:48   0:00   1:18 
Drew Fata                0  0  0   0  0   0  1  3  0  0  0/0    18:14   0:33   3:41 
Gabriel Landeskog        0  0  0  -1  0   1  1  0  0  0  2/3    17:05   4:27   0:00 
Guillaume Desbiens       1  0  1   1  2   1  4  0  0  0  0/1    10:26   0:00   0:00 
Ilja Zubov               1  0  1  -1  2   3  1  0  0  0  7/17   17:04   4:27   0:00 
J.T. Miller              0  0  0   1  0   1  0  0  0  0  0/0    10:27   0:00   0:00 
Jarkko Immonen           0  0  0   0  0   1  0  0  0  0  0/2     8:25   0:00   2:28 
Jay Beagle               0  0  0   0  0   0  0  0  0  0  6/15   10:31   0:00   3:41 
Nikita Zaytsev           0  0  0  -1  2   0  2  2  0  0  0/0    24:13   4:43   0:29 
Ron Hainsey              1  1  2   1  0   3  0  3  0  0  0/0    21:19   3:43   2:25 
Tom Wilson               0  0  0   0  0   0  1  0  0  0  0/0     8:54   0:00   2:57 
Travis Hamonic           0  1  1   1  2   2  5  2  0  0  0/0    23:03   4:40   2:57 
Troy Brouwer             0  1  1  -1  0   1  2  0  0  0  1/3    19:26   4:27   1:28 
Valtteri Filppula        0  1  1   1  0   1  0  0  0  0  7/16   10:41   0:00   0:14 

3 Stars

1 - Ron Hainsey (OTT)
2 - Guillaume Desbiens (OTT)
3 - Ryan Kesler (NJD)

Power Play

Devils - 0 on 4 Attempt(s) - 0,00%
Senators - 1 on 5 Attempt(s) - 20,00%

Penalty Kill

Devils - 4 on 5 Attempt(s) - 80,00% - Score 0 goal in Penalty Kill
Senators - 4 on 4 Attempt(s) - 100,00% - Score 0 goal in Penalty Kill

Team Stat

Devils - Hits : 19 - Faceoff Wins : 40 - Blocked Shots : 7 - Penalty Minutes : 10
Senators - Hits : 17 - Faceoff Wins : 43 - Blocked Shots : 12 - Penalty Minutes : 8

Official

Referees : Mike Langin and Fred LeBlanc
Linesman : Derek Nansen and Jud Ritter

Game Notes

Dennis Seidenberg is injured at 5:57 of 3rd period (Left Hand)

Finance

Level 1 -- Attendance: 5536 (85,17%) -- Ticket Income 553 600 $
Level 2 -- Attendance: 5011 (91,11%) -- Ticket Income 325 715 $
Level 3 -- Attendance: 2500 (100,00%) -- Ticket Income 87 500 $
Level 4 -- Attendance: 4500 (100,00%) -- Ticket Income 90 000 $
Luxury Box -- Attendance: 1597 (91,26%) -- Ticket Income 351 340 $
Game was played at the Scotiabank Place.
Total Attendance: 19144 (92,26%)
Total Ticket Income: 1 408 155 $
Other Income: 689 996 $
Total Income: 2 098 151 $

Devils

5 vs 5 Forward 
   Center                   Left Wing                Right Wing               Time % Phy DF OF 
 1 Ryan Kesler              Artemi Panarin           Dustin Penner            29     0   1  4  
 2 Auston Matthews          Adam Berti               Nikolai Lemtyugov        27     0   1  4  
 3 Artem Anisimov           Phillip Danault          Brandon Sutter           24     0   2  3  
 4 Antoine Vermette         Peter Holland            Daniel Paille            20     1   1  3  

5 vs 5 Defense 
   Defense                  Defense                                           Time % Phy DF OF 
 1 Michal Rozsival          Rostislav Klesla                                  34     1   3  1  
 2 Micki Dupont             Sami Vatanen                                      34     0   3  2  
 3 Ryan O'Byrne             Yann Sauve                                        32     1   2  2  
 4 Rostislav Klesla         Micki Dupont                                      0      1   2  2  

PowerPlay Forward 
   Center                   Left Wing                Right Wing               Time % Phy DF OF 
 1 Auston Matthews          Adam Berti               Nikolai Lemtyugov        40     0   1  4  
 2 Ryan Kesler              Artemi Panarin           Dustin Penner            60     0   0  5  

PowerPlay Defense
   Defense                  Defense                                           Time % Phy DF OF 
 1 Michal Rozsival          Yann Sauve                                        54     0   2  3  
 2 Ryan O'Byrne             Sami Vatanen                                      46     0   2  3  

Penalty Kill 4 Players Forward 
   Center                   Wing                     Time % Phy DF OF 
 1 Ryan Kesler              Daniel Paille            45     0   4  1  
 2 Antoine Vermette         Adam Berti               55     0   4  1  

Penalty Kill 4 Players Defense
   Defense                  Defense                  Time % Phy DF OF 
 1 Rostislav Klesla         Micki Dupont             60     0   5  0  
 2 Michal Rozsival          Ryan O'Byrne             40     0   5  0  

Penalty Kill - 3 Players Forward 
   Forward                                           Time % Phy DF OF 
 1 Auston Matthews                                   40     0   5  0  
 2 Ryan Kesler                                       60     0   5  0  

Penalty Kill - 3 Players Defense
   Defense                  Defense                  Time % Phy DF OF 
 1 Micki Dupont             Rostislav Klesla         60     0   5  0  
 2 Ryan O'Byrne             Michal Rozsival          40     0   5  0  

4 vs 4 Forward 
   Center                   Wing                     Time % Phy DF OF 
 1 Auston Matthews          Nikolai Lemtyugov        40     0   2  3  
 2 Ryan Kesler              Artemi Panarin           60     0   2  3  

4 vs 4 Defense
   Defense                  Defense                  Time % Phy DF OF 
 1 Yann Sauve               Rostislav Klesla         60     1   2  2  
 2 Yann Sauve               Ryan O'Byrne             40     1   2  2  

Last Minutes Offensive
   Center                   Left Wing                Right Wing               Defense                  Defense                  
   Ryan Kesler              Artemi Panarin           Nikolai Lemtyugov        Yann Sauve               Michal Rozsival          

Last Minutes Defensive
   Center                   Left Wing                Right Wing               Defense                  Defense                  
   Ryan Kesler              Daniel Paille            Dustin Penner            Rostislav Klesla         Micki Dupont             

Goaltenders
Starting : Antti Niemi              
Backup : Marek Mazanec            

Extra Forwards
Normal : Auston Matthews, Ryan Kesler, Nikolai Lemtyugov - PP : Artemi Panarin, Auston Matthews - PK : Antoine Vermette
Extra Defensemen
Normal : Michal Rozsival, Adam Berti, Rostislav Klesla - PP : Yann Sauve - PK : Adam Berti, Micki Dupont
Penalty Shots
Auston Matthews, Nikolai Lemtyugov, Ryan Kesler, Yann Sauve, Michal Rozsival
Custom OT Lines Forwards
Ryan Kesler, Nikolai Lemtyugov, Dustin Penner, Auston Matthews, Artemi Panarin, Adam Berti, Brandon Sutter, Antoine Vermette, Daniel Paille, Artem Anisimov
Custom OT Lines Defensemen
Michal Rozsival, Micki Dupont, Rostislav Klesla, Ryan O'Byrne, Yann Sauve

Scratches
Brian Fahey (Healthy), Adam Comrie (Healthy)

Senators

5 vs 5 Forward 
   Center                   Left Wing                Right Wing               Time % Phy DF OF 
 1 David Krejci             Andrew Cogliano          Blake Wheeler            38     0   1  4  
 2 Ilja Zubov               Troy Brouwer             Gabriel Landeskog        32     0   1  4  
 3 Valtteri Filppula        Guillaume Desbiens       J.T. Miller              25     1   2  2  
 4 Jay Beagle               Jarkko Immonen           Tom Wilson               5      1   3  1  

5 vs 5 Defense 
   Defense                  Defense                                           Time % Phy DF OF 
 1 Nikita Zaytsev           Dennis Seidenberg                                 35     0   2  3  
 2 Travis Hamonic           Ron Hainsey                                       32     0   2  3  
 3 Dmitry Kulikov           Drew Fata                                         28     1   2  2  
 4 Dennis Seidenberg        Nikita Zaytsev                                    5      1   2  2  

PowerPlay Forward 
   Center                   Left Wing                Right Wing               Time % Phy DF OF 
 1 David Krejci             Andrew Cogliano          Blake Wheeler            52     0   0  5  
 2 Ilja Zubov               Gabriel Landeskog        Troy Brouwer             48     0   0  5  

PowerPlay Defense
   Defense                  Defense                                           Time % Phy DF OF 
 1 Travis Hamonic           Nikita Zaytsev                                    55     0   0  5  
 2 Ron Hainsey              Dennis Seidenberg                                 45     0   0  5  

Penalty Kill 4 Players Forward 
   Center                   Wing                     Time % Phy DF OF 
 1 Jay Beagle               Tom Wilson               60     1   3  1  
 2 Jarkko Immonen           Troy Brouwer             40     1   3  1  

Penalty Kill 4 Players Defense
   Defense                  Defense                  Time % Phy DF OF 
 1 Drew Fata                Ron Hainsey              55     1   4  0  
 2 Dennis Seidenberg        Travis Hamonic           45     1   4  0  

Penalty Kill - 3 Players Forward 
   Forward                                           Time % Phy DF OF 
 1 Jay Beagle                                        50     1   3  1  
 2 Jarkko Immonen                                    50     1   3  1  

Penalty Kill - 3 Players Defense
   Defense                  Defense                  Time % Phy DF OF 
 1 Drew Fata                Ron Hainsey              55     1   3  1  
 2 Dennis Seidenberg        Travis Hamonic           45     1   3  1  

4 vs 4 Forward 
   Center                   Wing                     Time % Phy DF OF 
 1 David Krejci             Blake Wheeler            60     0   1  4  
 2 Ilja Zubov               Andrew Cogliano          40     0   2  3  

4 vs 4 Defense
   Defense                  Defense                  Time % Phy DF OF 
 1 Ron Hainsey              Travis Hamonic           55     1   2  2  
 2 Nikita Zaytsev           Dennis Seidenberg        45     1   2  2  

Last Minutes Offensive
   Center                   Left Wing                Right Wing               Defense                  Defense                  
   David Krejci             Andrew Cogliano          Blake Wheeler            Nikita Zaytsev           Travis Hamonic           

Last Minutes Defensive
   Center                   Left Wing                Right Wing               Defense                  Defense                  
   David Krejci             Troy Brouwer             Jay Beagle               Travis Hamonic           Dennis Seidenberg        

Goaltenders
Starting : Jacob Markstrom          
Backup : Marc-Andre Fleury        

Extra Forwards
Normal : David Krejci, Blake Wheeler, Andrew Cogliano - PP : Andrew Cogliano, Blake Wheeler - PK : Jay Beagle
Extra Defensemen
Normal : Dennis Seidenberg, Nikita Zaytsev, Travis Hamonic - PP : Travis Hamonic - PK : Dennis Seidenberg, Ron Hainsey
Penalty Shots
Guillaume Desbiens, David Krejci, Andrew Cogliano, Troy Brouwer, Ilja Zubov
Custom OT Lines Forwards
David Krejci, Blake Wheeler, Ilja Zubov, Andrew Cogliano, Gabriel Landeskog, J.T. Miller, Valtteri Filppula, Troy Brouwer, Jay Beagle, Tom Wilson
Custom OT Lines Defensemen
Nikita Zaytsev, Travis Hamonic, Dennis Seidenberg, Ron Hainsey, Dmitry Kulikov

Scratches
Greg Amadio (Torn Left Knee Ligaments Injury)

% Time on Ice - Devils

Lines # - Real PCT - Wanted PCT - Time Play
Normal Forward
1 - 28% - 29% - 12:37
2 - 24% - 27% - 10:55
3 - 26% - 24% - 11:27
4 - 22% - 20% - 9:43
Normal Defense
1 - 34% - 34% - 15:24
2 - 32% - 34% - 14:07
3 - 29% - 32% - 13:01
4 - 5% - 0% - 2:10
PP Forward
1 - 53% - 40% - 3:19
2 - 47% - 60% - 2:53
PP Defense
1 - 50% - 54% - 3:06
2 - 50% - 46% - 3:06
PK Forward
1 - 36% - 45% - 3:04
2 - 64% - 55% - 5:22
PK Defense
1 - 54% - 60% - 4:33
2 - 46% - 40% - 3:53
PK3 Forward
1 - 0% - 40%
2 - 0% - 60%
PK3 Defense
1 - 0% - 60%
2 - 0% - 40%
44 Forward
1 - 0% - 40%
2 - 0% - 60%
44 Defense
1 - 0% - 60%
2 - 0% - 40%
Last Minute Offensive  - 0:40
Last Minute Defensive  - 0:00
Total
Forward - 60:00
Defense - 60:00

% Time on Ice - Senators

Lines # - Real PCT - Wanted PCT - Time Play
Normal Forward
1 - 35% - 38% - 15:27
2 - 28% - 32% - 12:38
3 - 23% - 25% - 10:27
4 - 13% - 5% - 5:57
Normal Defense
1 - 39% - 35% - 17:12
2 - 28% - 32% - 12:37
3 - 30% - 28% - 13:30
4 - 3% - 5% - 1:10
PP Forward
1 - 47% - 52% - 3:59
2 - 53% - 48% - 4:27
PP Defense
1 - 56% - 55% - 4:43
2 - 44% - 45% - 3:43
PK Forward
1 - 67% - 60% - 3:00
2 - 33% - 40% - 1:28
PK Defense
1 - 23% - 55% - 1:01
2 - 77% - 45% - 3:27
PK3 Forward
1 - 42% - 50% - 0:44
2 - 58% - 50% - 1:00
PK3 Defense
1 - 0% - 55% - 0:00
2 - 100% - 45% - 1:44
44 Forward
1 - 0% - 60%
2 - 0% - 40%
44 Defense
1 - 0% - 55%
2 - 0% - 45%
Last Minute Offensive  - 0:00
Last Minute Defensive  - 0:53
Total
Forward - 60:00
Defense - 60:00

Play by Play

1st period


0:01 of 1st period - David Krejci wins face-off versus Ryan Kesler in neutral zone.
0:15 of 1st period - Off-side.
0:16 of 1st period - Ilja Zubov wins face-off versus Auston Matthews in neutral zone.
0:21 of 1st period - Shot by Gabriel Landeskog.
0:21 of 1st period - Shot Misses the Net.
0:23 of 1st period - Shot by Troy Brouwer.
0:23 of 1st period - Stopped by Antti Niemi without a rebound.
0:24 of 1st period - Artem Anisimov wins face-off versus Valtteri Filppula in Devils zone.
0:38 of 1st period - Minor Penalty to Ryan O'Byrne for Slashing.
0:39 of 1st period - David Krejci wins face-off versus Antoine Vermette in Devils zone.
1:22 of 1st period - Shot by Blake Wheeler.
1:22 of 1st period - Shot Misses the Net.
1:56 of 1st period - Shot by Dennis Seidenberg.
1:56 of 1st period - Shot Misses the Net.
1:58 of 1st period - Shot by Ron Hainsey.
1:58 of 1st period - Stopped by Antti Niemi with a rebound.
2:48 of 1st period - Shot by Guillaume Desbiens.
2:48 of 1st period - Shot Misses the Net.
3:16 of 1st period - Shot by Brandon Sutter.
3:16 of 1st period - Stopped by Jacob Markstrom without a rebound.
3:17 of 1st period - Jay Beagle wins face-off versus Ryan Kesler in Senators zone.
3:25 of 1st period - Travis Hamonic is hit by Dustin Penner and loses puck.
3:42 of 1st period - Shot by Jarkko Immonen.
3:42 of 1st period - Stopped by Antti Niemi without a rebound.
3:43 of 1st period - Antoine Vermette wins face-off versus Ilja Zubov in Devils zone.
3:43 of 1st period - Antoine Vermette is hit by Gabriel Landeskog.
4:25 of 1st period - Gabriel Landeskog is hit by Micki Dupont and loses puck.
5:05 of 1st period - Icing by Yann Sauve.
5:06 of 1st period - Auston Matthews wins face-off versus Guillaume Desbiens in Devils zone.
5:06 of 1st period - Auston Matthews is hit by Guillaume Desbiens.
5:17 of 1st period - Ryan O'Byrne is hit by Travis Hamonic and loses puck.
5:30 of 1st period - Shot by Valtteri Filppula.
5:30 of 1st period - Shot Blocked by Yann Sauve.
5:32 of 1st period - Shot by Ron Hainsey.
5:32 of 1st period - Stopped by Antti Niemi without a rebound.
5:33 of 1st period - David Krejci wins face-off versus Ryan Kesler in Devils zone.
5:55 of 1st period - Shot by Ryan Kesler.
5:55 of 1st period - Shot Blocked by Nikita Zaytsev.
5:57 of 1st period - Shot by Ryan Kesler.
5:57 of 1st period - Stopped by Jacob Markstrom without a rebound.
5:58 of 1st period - Artem Anisimov wins face-off versus Gabriel Landeskog in Senators zone.
6:33 of 1st period - Artem Anisimov is hit by Troy Brouwer and loses puck.
7:16 of 1st period - Shot by Blake Wheeler.
7:16 of 1st period - Stopped by Antti Niemi without a rebound.
7:17 of 1st period - Valtteri Filppula wins face-off versus Ryan Kesler in Devils zone.
7:28 of 1st period - Shot by Ryan Kesler.
7:28 of 1st period - Stopped by Jacob Markstrom without a rebound.
7:29 of 1st period - Auston Matthews wins face-off versus Jay Beagle in Senators zone.
7:42 of 1st period - Shot by Auston Matthews.
7:42 of 1st period - Shot Misses the Net.
7:44 of 1st period - Shot by Auston Matthews.
7:44 of 1st period - Stopped by Jacob Markstrom with a rebound.
7:46 of 1st period - Shot by Rostislav Klesla.
7:46 of 1st period - Shot Hit the Post.
8:19 of 1st period - Icing by Nikita Zaytsev.
8:20 of 1st period - Ryan Kesler wins face-off versus Jay Beagle in Senators zone.
8:41 of 1st period - Shot by Ryan Kesler.
8:41 of 1st period - Shot Misses the Net.
8:43 of 1st period - Shot by Ryan Kesler.
8:43 of 1st period - Shot Misses the Net.
8:45 of 1st period - Shot by Ryan O'Byrne.
8:45 of 1st period - Shot Misses the Net.
8:47 of 1st period - Shot by Ryan Kesler.
8:47 of 1st period - Shot Misses the Net.
8:49 of 1st period - Shot by Ryan Kesler.
8:49 of 1st period - Stopped by Jacob Markstrom without a rebound.
8:50 of 1st period - David Krejci wins face-off versus Antoine Vermette in Senators zone.
9:01 of 1st period - Shot by Peter Holland.
9:01 of 1st period - Shot Misses the Net.
9:03 of 1st period - Shot by Micki Dupont.
9:03 of 1st period - Shot Blocked by Ron Hainsey.
9:06 of 1st period - Icing by David Krejci.
9:07 of 1st period - Auston Matthews wins face-off versus David Krejci in Senators zone.
9:07 of 1st period - Auston Matthews is hit by Travis Hamonic.
9:13 of 1st period - Shot by Nikolai Lemtyugov.
9:13 of 1st period - Stopped by Jacob Markstrom without a rebound.
9:14 of 1st period - Ilja Zubov wins face-off versus Ryan Kesler in Senators zone.
9:56 of 1st period - Shot by Ryan Kesler.
9:56 of 1st period - Goal by Ryan Kesler - Devils : 1 - Senators : 0.
9:57 of 1st period - Blake Wheeler wins face-off versus Antoine Vermette in neutral zone.
10:05 of 1st period - Icing by Sami Vatanen.
10:06 of 1st period - David Krejci wins face-off versus Daniel Paille in Devils zone.
10:34 of 1st period - Icing by David Krejci.
10:35 of 1st period - Auston Matthews wins face-off versus David Krejci in Senators zone.
10:47 of 1st period - Blake Wheeler is hit by Ryan O'Byrne and loses puck.
11:28 of 1st period - Shot by Guillaume Desbiens.
11:28 of 1st period - Goal by Guillaume Desbiens - Devils : 1 - Senators : 1.
11:29 of 1st period - Troy Brouwer wins face-off versus Artem Anisimov in neutral zone.
11:44 of 1st period - Shot by Ilja Zubov.
11:44 of 1st period - Shot Misses the Net.
11:46 of 1st period - Shot by Gabriel Landeskog.
11:46 of 1st period - Shot Misses the Net.
12:14 of 1st period - Shot by Dennis Seidenberg.
12:14 of 1st period - Shot Blocked by Rostislav Klesla.
12:57 of 1st period - Shot by J.T. Miller.
12:57 of 1st period - Shot Misses the Net.
13:03 of 1st period - Sami Vatanen is hit by Guillaume Desbiens and loses puck.
13:13 of 1st period - Off-side.
13:14 of 1st period - Andrew Cogliano wins face-off versus Antoine Vermette in neutral zone.
13:17 of 1st period - Ryan O'Byrne is hit by Travis Hamonic and loses puck.
13:55 of 1st period - Shot by Antoine Vermette.
13:55 of 1st period - Stopped by Jacob Markstrom with a rebound.
14:29 of 1st period - Ilja Zubov is hit by Micki Dupont and loses puck.
14:38 of 1st period - Shot by Gabriel Landeskog.
14:38 of 1st period - Shot Misses the Net.
14:52 of 1st period - Shot by Gabriel Landeskog.
14:52 of 1st period - Stopped by Antti Niemi without a rebound.
14:53 of 1st period - Ryan Kesler wins face-off versus Valtteri Filppula in Devils zone.
14:53 of 1st period - Ryan Kesler is hit by Guillaume Desbiens.
15:03 of 1st period - Shot by Artemi Panarin.
15:03 of 1st period - Shot Blocked by Drew Fata.
15:09 of 1st period - Shot by Ryan Kesler.
15:09 of 1st period - Stopped by Jacob Markstrom without a rebound.
15:10 of 1st period - Jay Beagle wins face-off versus Artem Anisimov in Senators zone.
15:49 of 1st period - Shot by Tom Wilson.
15:49 of 1st period - Shot Misses the Net.
17:03 of 1st period - Shot by Auston Matthews.
17:03 of 1st period - Stopped by Jacob Markstrom without a rebound.
17:04 of 1st period - Antoine Vermette wins face-off versus Ilja Zubov in Senators zone.
17:15 of 1st period - Shot by Ron Hainsey.
17:15 of 1st period - Shot Misses the Net.
17:17 of 1st period - Shot by Ron Hainsey.
17:17 of 1st period - Shot Hit the Post.
17:21 of 1st period - Shot by Ilja Zubov.
17:21 of 1st period - Goal by Ilja Zubov - Devils : 1 - Senators : 2.
17:22 of 1st period - Auston Matthews wins face-off versus Valtteri Filppula in neutral zone.
17:25 of 1st period - Shot by Adam Berti.
17:25 of 1st period - Stopped by Jacob Markstrom without a rebound.
17:26 of 1st period - Ilja Zubov wins face-off versus Auston Matthews in Senators zone.
17:30 of 1st period - Off-side.
17:31 of 1st period - Ryan Kesler wins face-off versus Troy Brouwer in neutral zone.
17:47 of 1st period - Icing by Ryan Kesler.
17:48 of 1st period - Ryan Kesler wins face-off versus Valtteri Filppula in Devils zone.
17:48 of 1st period - Sami Vatanen is hit by Guillaume Desbiens and loses puck.
17:54 of 1st period - Sami Vatanen is hit by Nikita Zaytsev and loses puck.
17:57 of 1st period - Shot by Dustin Penner.
17:57 of 1st period - Shot Misses the Net.
17:59 of 1st period - Shot by Ryan Kesler.
17:59 of 1st period - Stopped by Jacob Markstrom with a rebound.
18:01 of 1st period - Shot by Ryan Kesler.
18:01 of 1st period - Shot Misses the Net.
18:05 of 1st period - Shot by Dustin Penner.
18:05 of 1st period - Shot Misses the Net.
18:07 of 1st period - Shot by Dustin Penner.
18:07 of 1st period - Stopped by Jacob Markstrom with a rebound.
18:19 of 1st period - Shot by Artemi Panarin.
18:19 of 1st period - Stopped by Jacob Markstrom without a rebound.
18:20 of 1st period - David Krejci wins face-off versus Auston Matthews in Senators zone.
18:59 of 1st period - Michal Rozsival is hit by Travis Hamonic and loses puck.
19:19 of 1st period - Icing by Rostislav Klesla.
19:20 of 1st period - Auston Matthews wins face-off versus Ilja Zubov in Devils zone.
19:54 of 1st period - Shot by Gabriel Landeskog.
19:54 of 1st period - Deflect By Troy Brouwer.
19:54 of 1st period - Shot Blocked by Yann Sauve.
19:56 of 1st period - Shot by Dennis Seidenberg.
19:56 of 1st period - Stopped by Antti Niemi without a rebound.
19:57 of 1st period - Valtteri Filppula wins face-off versus Antoine Vermette in Devils zone.
Goals for this period are 1 for Devils vs 2 for Senators.
Shots for this period are 14 for Devils vs 9 for Senators.

2nd period


0:01 of 2nd period - Antoine Vermette wins face-off versus David Krejci in neutral zone.
0:24 of 2nd period - Shot by Andrew Cogliano.
0:24 of 2nd period - Shot Misses the Net.
0:33 of 2nd period - Blake Wheeler is hit by Ryan O'Byrne and loses puck.
0:38 of 2nd period - Shot by Andrew Cogliano.
0:38 of 2nd period - Deflect By Blake Wheeler.
0:38 of 2nd period - Shot Blocked by Daniel Paille.
0:40 of 2nd period - Shot by Andrew Cogliano.
0:40 of 2nd period - Shot Misses the Net.
0:42 of 2nd period - Shot by Andrew Cogliano.
0:42 of 2nd period - Deflect By Blake Wheeler.
0:42 of 2nd period - Stopped by Antti Niemi without a rebound.
0:43 of 2nd period - Ryan Kesler wins face-off versus Valtteri Filppula in Devils zone.
0:49 of 2nd period - Icing by Micki Dupont.
0:50 of 2nd period - Ryan Kesler wins face-off versus Valtteri Filppula in Devils zone.
1:55 of 2nd period - Off-side.
1:56 of 2nd period - David Krejci wins face-off versus Artem Anisimov in neutral zone.
1:59 of 2nd period - Shot by Andrew Cogliano.
1:59 of 2nd period - Deflect By Blake Wheeler.
1:59 of 2nd period - Shot Misses the Net.
2:01 of 2nd period - Shot by Dennis Seidenberg.
2:01 of 2nd period - Shot Misses the Net.
2:11 of 2nd period - Shot by Blake Wheeler.
2:11 of 2nd period - Shot Misses the Net.
2:45 of 2nd period - Off-side.
2:46 of 2nd period - Ilja Zubov wins face-off versus Antoine Vermette in neutral zone.
2:59 of 2nd period - Troy Brouwer is hit by Peter Holland and loses puck.
3:10 of 2nd period - Shot by Antoine Vermette.
3:10 of 2nd period - Shot Misses the Net.
3:12 of 2nd period - Shot by Antoine Vermette.
3:12 of 2nd period - Shot Blocked by Travis Hamonic.
3:14 of 2nd period - Shot by Michal Rozsival.
3:14 of 2nd period - Stopped by Jacob Markstrom without a rebound.
3:15 of 2nd period - Ryan Kesler wins face-off versus Valtteri Filppula in Senators zone.
5:26 of 2nd period - Blake Wheeler is hit by Rostislav Klesla and loses puck.
5:37 of 2nd period - Shot by David Krejci.
5:37 of 2nd period - Stopped by Antti Niemi without a rebound.
5:38 of 2nd period - Auston Matthews wins face-off versus Jay Beagle in Devils zone.
5:38 of 2nd period - Auston Matthews is hit by Tom Wilson.
5:53 of 2nd period - Icing by Adam Berti.
5:54 of 2nd period - Auston Matthews wins face-off versus Valtteri Filppula in Devils zone.
6:14 of 2nd period - Shot by J.T. Miller.
6:14 of 2nd period - Stopped by Antti Niemi with a rebound.
6:57 of 2nd period - Andrew Cogliano is hit by Micki Dupont and loses puck.
7:07 of 2nd period - Minor Penalty to Micki Dupont for Hooking.
7:08 of 2nd period - Ilja Zubov wins face-off versus Ryan Kesler in Devils zone.
7:09 of 2nd period - Shot by Nikita Zaytsev.
7:09 of 2nd period - Shot Misses the Net.
10:19 of 2nd period - Tom Wilson is hit by Dustin Penner and loses puck.
11:42 of 2nd period - Shot by David Krejci.
11:42 of 2nd period - Stopped by Antti Niemi without a rebound.
11:43 of 2nd period - Artem Anisimov wins face-off versus Ilja Zubov in Devils zone.
12:09 of 2nd period - Shot by Ilja Zubov.
12:09 of 2nd period - Shot Misses the Net.
12:11 of 2nd period - Shot by Troy Brouwer.
12:11 of 2nd period - Shot Blocked by Brandon Sutter.
12:49 of 2nd period - Shot by Blake Wheeler.
12:49 of 2nd period - Stopped by Antti Niemi without a rebound.
12:50 of 2nd period - Ryan Kesler wins face-off versus Valtteri Filppula in Devils zone.
12:56 of 2nd period - Icing by Artemi Panarin.
12:57 of 2nd period - Andrew Cogliano wins face-off versus Ryan Kesler in Devils zone.
13:16 of 2nd period - David Krejci is hit by Ryan Kesler and loses puck.
14:19 of 2nd period - Shot by Antoine Vermette.
14:19 of 2nd period - Stopped by Jacob Markstrom without a rebound.
14:20 of 2nd period - Valtteri Filppula wins face-off versus Auston Matthews in Senators zone.
14:20 of 2nd period - Valtteri Filppula is hit by Adam Berti.
14:34 of 2nd period - Shot by Nikolai Lemtyugov.
14:34 of 2nd period - Shot Misses the Net.
14:42 of 2nd period - Shot by Valtteri Filppula.
14:42 of 2nd period - Stopped by Antti Niemi without a rebound.
14:43 of 2nd period - Artem Anisimov wins face-off versus Ilja Zubov in Devils zone.
14:53 of 2nd period - Icing by Michal Rozsival.
14:54 of 2nd period - Valtteri Filppula wins face-off versus Artem Anisimov in Devils zone.
14:58 of 2nd period - J.T. Miller is hit by Rostislav Klesla.
15:16 of 2nd period - Shot by Rostislav Klesla.
15:16 of 2nd period - Shot Misses the Net.
15:18 of 2nd period - Shot by Brandon Sutter.
15:18 of 2nd period - Stopped by Jacob Markstrom without a rebound.
15:19 of 2nd period - Auston Matthews wins face-off versus David Krejci in Senators zone.
15:34 of 2nd period - Shot by Auston Matthews.
15:34 of 2nd period - Shot Blocked by Nikita Zaytsev.
16:26 of 2nd period - Minor Penalty to Dustin Penner for Hooking.
16:27 of 2nd period - Ryan Kesler wins face-off versus Ilja Zubov in Devils zone.
16:46 of 2nd period - Shot by Travis Hamonic.
16:46 of 2nd period - Stopped by Antti Niemi with a rebound.
16:48 of 2nd period - Shot by Ilja Zubov.
16:48 of 2nd period - Stopped by Antti Niemi without a rebound.
16:49 of 2nd period - David Krejci wins face-off versus Antoine Vermette in Devils zone.
18:11 of 2nd period - Icing by Travis Hamonic.
18:12 of 2nd period - Antoine Vermette wins face-off versus Ilja Zubov in Senators zone.
18:53 of 2nd period - Shot by Jay Beagle.
18:53 of 2nd period - Shot Blocked by Micki Dupont.
18:55 of 2nd period - Shot by Tom Wilson.
18:55 of 2nd period - Shot Misses the Net.
18:57 of 2nd period - Shot by Jay Beagle.
18:57 of 2nd period - Shot Misses the Net.
19:25 of 2nd period - Shot by Dustin Penner.
19:25 of 2nd period - Stopped by Jacob Markstrom with a rebound.
19:29 of 2nd period - Shot by Dustin Penner.
19:29 of 2nd period - Shot Blocked by Dmitry Kulikov.
19:48 of 2nd period - Shot by Artemi Panarin.
19:48 of 2nd period - Shot Misses the Net.
Goals for this period are 0 for Devils vs 0 for Senators.
Shots for this period are 4 for Devils vs 8 for Senators.

3rd period


0:01 of 3rd period - Antoine Vermette wins face-off versus Ilja Zubov in neutral zone.
0:30 of 3rd period - Shot by Antoine Vermette.
0:30 of 3rd period - Goal by Antoine Vermette - Devils : 2 - Senators : 2.
0:31 of 3rd period - David Krejci wins face-off versus Ryan Kesler in neutral zone.
0:46 of 3rd period - Shot by Michal Rozsival.
0:46 of 3rd period - Shot Blocked by Ron Hainsey.
0:48 of 3rd period - Shot by Rostislav Klesla.
0:48 of 3rd period - Shot Misses the Net.
1:05 of 3rd period - Shot by Dustin Penner.
1:05 of 3rd period - Stopped by Jacob Markstrom with a rebound.
1:11 of 3rd period - Shot by Ryan Kesler.
1:11 of 3rd period - Deflect By Dustin Penner.
1:11 of 3rd period - Stopped by Jacob Markstrom without a rebound.
1:12 of 3rd period - Auston Matthews wins face-off versus Ilja Zubov in Senators zone.
1:19 of 3rd period - Shot by Adam Berti.
1:19 of 3rd period - Stopped by Jacob Markstrom without a rebound.
1:20 of 3rd period - Gabriel Landeskog wins face-off versus Antoine Vermette in Senators zone.
1:42 of 3rd period - Icing by Ryan O'Byrne.
1:43 of 3rd period - David Krejci wins face-off versus Antoine Vermette in Devils zone.
1:48 of 3rd period - Shot by Andrew Cogliano.
1:48 of 3rd period - Stopped by Antti Niemi without a rebound.
1:49 of 3rd period - Andrew Cogliano wins face-off versus Auston Matthews in Devils zone.
1:54 of 3rd period - Shot by David Krejci.
1:54 of 3rd period - Stopped by Antti Niemi with a rebound.
1:56 of 3rd period - Shot by Nikita Zaytsev.
1:56 of 3rd period - Shot Misses the Net.
1:58 of 3rd period - Shot by Andrew Cogliano.
1:58 of 3rd period - Shot Misses the Net.
2:00 of 3rd period - Shot by Andrew Cogliano.
2:00 of 3rd period - Stopped by Antti Niemi with a rebound.
2:02 of 3rd period - Shot by Blake Wheeler.
2:02 of 3rd period - Stopped by Antti Niemi with a rebound.
2:04 of 3rd period - Shot by Dennis Seidenberg.
2:04 of 3rd period - Shot Misses the Net.
2:06 of 3rd period - Shot by David Krejci.
2:06 of 3rd period - Stopped by Antti Niemi without a rebound.
2:07 of 3rd period - Ilja Zubov wins face-off versus Ryan Kesler in Devils zone.
2:07 of 3rd period - Gabriel Landeskog is hit by Ryan O'Byrne and loses puck.
2:24 of 3rd period - Icing by Ron Hainsey.
2:25 of 3rd period - Ilja Zubov wins face-off versus Auston Matthews in Senators zone.
2:25 of 3rd period - Minor Penalty to Adam Berti for Hooking.
2:26 of 3rd period - David Krejci wins face-off versus Antoine Vermette in Devils zone.
2:33 of 3rd period - Shot by Andrew Cogliano.
2:33 of 3rd period - Shot Misses the Net.
2:35 of 3rd period - Shot by Andrew Cogliano.
2:35 of 3rd period - Shot Misses the Net.
2:37 of 3rd period - Shot by Blake Wheeler.
2:37 of 3rd period - Stopped by Antti Niemi without a rebound.
2:38 of 3rd period - Antoine Vermette wins face-off versus Troy Brouwer in Devils zone.
2:38 of 3rd period - Antoine Vermette is hit by Troy Brouwer.
2:52 of 3rd period - Shot by Dennis Seidenberg.
2:52 of 3rd period - Stopped by Antti Niemi with a rebound.
3:10 of 3rd period - Shot by Ron Hainsey.
3:10 of 3rd period - Shot Misses the Net.
3:12 of 3rd period - Shot by Dennis Seidenberg.
3:12 of 3rd period - Deflect By Ilja Zubov.
3:12 of 3rd period - Stopped by Antti Niemi with a rebound.
3:52 of 3rd period - Shot by Andrew Cogliano.
3:52 of 3rd period - Shot Misses the Net.
3:54 of 3rd period - Shot by Andrew Cogliano.
3:54 of 3rd period - Shot Blocked by Ryan O'Byrne.
4:00 of 3rd period - Shot by Blake Wheeler.
4:00 of 3rd period - Shot Misses the Net.
4:02 of 3rd period - Shot by Nikita Zaytsev.
4:02 of 3rd period - Shot Misses the Net.
4:04 of 3rd period - Shot by David Krejci.
4:04 of 3rd period - Shot Misses the Net.
4:25 of 3rd period - Icing by Brandon Sutter.
4:26 of 3rd period - Valtteri Filppula wins face-off versus Adam Berti in Devils zone.
4:26 of 3rd period - Dmitry Kulikov is hit by Micki Dupont and loses puck.
4:30 of 3rd period - Minor Penalty to Guillaume Desbiens for Hooking.
4:31 of 3rd period - Auston Matthews wins face-off versus Jay Beagle in Senators zone.
4:36 of 3rd period - Shot by Nikolai Lemtyugov.
4:36 of 3rd period - Stopped by Jacob Markstrom with a rebound.
4:57 of 3rd period - Icing by Nikolai Lemtyugov.
4:58 of 3rd period - Jay Beagle wins face-off versus Auston Matthews in Devils zone.
5:13 of 3rd period - Shot by Adam Berti.
5:13 of 3rd period - Shot Misses the Net.
5:45 of 3rd period - Shot by Jay Beagle.
5:45 of 3rd period - Shot Misses the Net.
5:57 of 3rd period - Shot by Dustin Penner.
5:57 of 3rd period - Shot Blocked by Dennis Seidenberg.
5:57 of 3rd period - Dennis Seidenberg from Senators is injured at 5:57 of 3rd period (Left Hand).
5:58 of 3rd period - Ryan Kesler wins face-off versus Jarkko Immonen in Senators zone.
5:59 of 3rd period - Shot by Artemi Panarin.
5:59 of 3rd period - Stopped by Jacob Markstrom without a rebound.
6:00 of 3rd period - Ryan Kesler wins face-off versus Jarkko Immonen in Senators zone.
6:15 of 3rd period - Shot by Sami Vatanen.
6:15 of 3rd period - Shot Misses the Net.
6:26 of 3rd period - Off-side.
6:27 of 3rd period - Auston Matthews wins face-off versus Jay Beagle in neutral zone.
6:43 of 3rd period - Icing by David Krejci.
6:44 of 3rd period - David Krejci wins face-off versus Auston Matthews in Senators zone.
7:09 of 3rd period - Shot by Andrew Cogliano.
7:09 of 3rd period - Shot Misses the Net.
8:05 of 3rd period - Shot by Antoine Vermette.
8:05 of 3rd period - Shot Misses the Net.
8:35 of 3rd period - Shot by Guillaume Desbiens.
8:35 of 3rd period - Shot Misses the Net.
8:47 of 3rd period - Shot by Guillaume Desbiens.
8:47 of 3rd period - Deflect By Valtteri Filppula.
8:47 of 3rd period - Shot Misses the Net.
9:24 of 3rd period - Icing by Sami Vatanen.
9:25 of 3rd period - David Krejci wins face-off versus Artem Anisimov in Devils zone.
9:39 of 3rd period - Off-side.
9:40 of 3rd period - Auston Matthews wins face-off versus Ilja Zubov in neutral zone.
9:40 of 3rd period - Michal Rozsival is hit by Ilja Zubov and loses puck.
9:53 of 3rd period - Minor Penalty to Ilja Zubov for Slashing.
9:54 of 3rd period - Ryan Kesler wins face-off versus Jay Beagle in Senators zone.
10:03 of 3rd period - Shot by Artemi Panarin.
10:03 of 3rd period - Shot Blocked by Drew Fata.
10:05 of 3rd period - Shot by Dustin Penner.
10:05 of 3rd period - Stopped by Jacob Markstrom with a rebound.
10:07 of 3rd period - Shot by Ryan Kesler.
10:07 of 3rd period - Shot Hit the Post.
10:31 of 3rd period - Shot by Ryan Kesler.
10:31 of 3rd period - Shot Misses the Net.
10:33 of 3rd period - Shot by Artemi Panarin.
10:33 of 3rd period - Shot Misses the Net.
10:35 of 3rd period - Shot by Ryan Kesler.
10:35 of 3rd period - Shot Misses the Net.
10:49 of 3rd period - Jarkko Immonen is hit by Adam Berti and loses puck.
10:57 of 3rd period - Icing by Nikolai Lemtyugov.
10:58 of 3rd period - Auston Matthews wins face-off versus Jay Beagle in Devils zone.
11:07 of 3rd period - Shot by Nikolai Lemtyugov.
11:07 of 3rd period - Stopped by Jacob Markstrom without a rebound.
11:08 of 3rd period - Auston Matthews wins face-off versus Jay Beagle in Senators zone.
11:23 of 3rd period - Shot by Sami Vatanen.
11:23 of 3rd period - Shot Blocked by Drew Fata.
11:25 of 3rd period - Shot by Sami Vatanen.
11:25 of 3rd period - Shot Misses the Net.
11:39 of 3rd period - Shot by Ryan O'Byrne.
11:39 of 3rd period - Shot Misses the Net.
11:59 of 3rd period - Shot by Blake Wheeler.
11:59 of 3rd period - Stopped by Antti Niemi with a rebound.
12:15 of 3rd period - Blake Wheeler is hit by Micki Dupont.
12:33 of 3rd period - Shot by Blake Wheeler.
12:33 of 3rd period - Shot Misses the Net.
12:52 of 3rd period - Shot by Ryan Kesler.
12:52 of 3rd period - Shot Misses the Net.
12:54 of 3rd period - Shot by Yann Sauve.
12:54 of 3rd period - Shot Misses the Net.
12:56 of 3rd period - Shot by Ryan Kesler.
12:56 of 3rd period - Shot Blocked by Ron Hainsey.
13:01 of 3rd period - Artemi Panarin is hit by Nikita Zaytsev and loses puck.
13:19 of 3rd period - Minor Penalty to Nikita Zaytsev for High sticking.
13:20 of 3rd period - Jay Beagle wins face-off versus Auston Matthews in Senators zone.
13:33 of 3rd period - Shot by Michal Rozsival.
13:33 of 3rd period - Stopped by Jacob Markstrom without a rebound.
13:34 of 3rd period - Auston Matthews wins face-off versus Jay Beagle in Senators zone.
13:34 of 3rd period - Minor Penalty to Travis Hamonic for Slashing.
13:35 of 3rd period - Jay Beagle wins face-off versus Auston Matthews in Senators zone.
14:53 of 3rd period - Shot by Sami Vatanen.
14:53 of 3rd period - Stopped by Jacob Markstrom without a rebound.
14:54 of 3rd period - Jay Beagle wins face-off versus Ryan Kesler in Senators zone.
15:19 of 3rd period - Jarkko Immonen is hit by Ryan Kesler and loses puck.
15:44 of 3rd period - Shot by Artem Anisimov.
15:44 of 3rd period - Stopped by Jacob Markstrom without a rebound.
15:45 of 3rd period - Valtteri Filppula wins face-off versus Antoine Vermette in Senators zone.
15:59 of 3rd period - Valtteri Filppula is hit by Rostislav Klesla and loses puck.
16:01 of 3rd period - Minor Penalty to Rostislav Klesla for High sticking.
16:02 of 3rd period - Andrew Cogliano wins face-off versus Antoine Vermette in Devils zone.
16:29 of 3rd period - Shot by Travis Hamonic.
16:29 of 3rd period - Stopped by Antti Niemi with a rebound.
16:31 of 3rd period - Shot by Ron Hainsey.
16:31 of 3rd period - Goal by Ron Hainsey - Devils : 2 - Senators : 3.
16:32 of 3rd period - Gabriel Landeskog wins face-off versus Artem Anisimov in neutral zone.
17:46 of 3rd period - Ilja Zubov is hit by Artemi Panarin and loses puck.
17:58 of 3rd period - Micki Dupont is hit by Travis Hamonic and loses puck.
18:04 of 3rd period - Icing by Ron Hainsey.
18:05 of 3rd period - Auston Matthews wins face-off versus David Krejci in Senators zone.
18:14 of 3rd period - Shot by Yann Sauve.
18:14 of 3rd period - Shot Blocked by Travis Hamonic.
18:16 of 3rd period - Shot by Auston Matthews.
18:16 of 3rd period - Shot Misses the Net.
18:18 of 3rd period - Shot by Nikolai Lemtyugov.
18:18 of 3rd period - Stopped by Jacob Markstrom without a rebound.
18:19 of 3rd period - Valtteri Filppula wins face-off versus Antoine Vermette in Senators zone.
19:09 of 3rd period - Icing by Michal Rozsival.
19:10 of 3rd period - David Krejci wins face-off versus Antoine Vermette in Devils zone.
19:19 of 3rd period - Shot by David Krejci.
19:19 of 3rd period - Stopped by Antti Niemi without a rebound.
19:20 of 3rd period - David Krejci wins face-off versus Ryan Kesler in Devils zone.
19:42 of 3rd period - Devils, Antti Niemi is pulled from the net.
19:42 of 3rd period - Shot by Artemi Panarin.
19:42 of 3rd period - Deflect By Nikolai Lemtyugov.
19:42 of 3rd period - Stopped by Jacob Markstrom without a rebound.
19:43 of 3rd period - Nikolai Lemtyugov wins face-off versus David Krejci in Senators zone.
19:43 of 3rd period - Nikolai Lemtyugov is hit by Drew Fata.
Goals for this period are 1 for Devils vs 1 for Senators.
Shots for this period are 13 for Devils vs 12 for Senators.